 Dungeon Crawl Stone Soup version 0.31-a0-145-g046c7d2549 (webtiles) character file.

Game seed: 13735174386246802883

61 cheesebisquit the Fighter (level 4, 0/45 HPs)
             Began as a Gnoll Wanderer on June 6, 2023.
             Slain by an orc wizard
             ... wielding a +0 dagger
              (4 damage)
             ... on level 3 of the Dungeon.
             The game lasted 00:05:08 (1628 turns).

cheesebisquit the Fighter (Gnoll Wanderer)          Turns: 1628, Time: 00:05:09

Health: 0/45       AC:  5    Str: 11    XL:     4   Next: 7%
Magic:  6/6        EV: 10    Int: 11    God:
Gold:   142        SH:  0    Dex: 14    Spells: 5/5 levels left

rFire   . . .        a - +0 short sword
rCold   . . .        (no shield)
rNeg    . . .        c - +0 ring mail
rPois   .            (no helmet)
rElec   .            (no cloak)
rCorr   .            (no gloves)
SInv    .            (no boots)
Will    .....        (no amulet) Stlth
                     (no ring)
HPRegen 0.27/turn    (no ring)
MPRegen 0.10/turn

%: no passive effects
@: confused, hasted, very quick
A: fangs 1, strong nose, distributed training
a: no special abilities


You were on level 3 of the Dungeon.
You visited 1 branch of the dungeon, and saw 3 of its levels.

You collected 142 gold pieces.

Inventory:

Hand Weapons
 a - a +0 short sword (weapon)
Missiles
 g - 3 boomerangs (quivered)
Armour
 c - a +0 ring mail (worn)
Jewellery
 k - a ring of protection from cold
Scrolls
 b - 2 scrolls of summoning
 e - a scroll of brand weapon {unknown}
 i - a scroll of immolation {unknown}
 j - 3 scrolls of teleportation {unknown}
 m - a scroll of magic mapping {unknown}
 n - a scroll of vulnerability {unknown}
 o - 2 scrolls of identify {unknown}
 r - a scroll of enchant armour {unknown}
Potions
 f - a potion of mutation {unknown}
 h - a potion of cancellation {unknown}
 l - a potion of curing {unknown}
 p - a potion of degeneration {unknown}
 q - a potion of lignification {unknown}
 s - a potion of might {unknown}


   Skills:
 + Level 8.5 Fighting
 + Level 2.7 Short Blades
 + Level 1.0 Long Blades
 + Level 1.0 Axes
 + Level 1.0 Maces & Flails
 + Level 1.0 Polearms
 + Level 1.0 Staves
 + Level 1.0 Ranged Weapons
 + Level 1.0 Throwing
 + Level 2.7 Armour
 + Level 1.0 Dodging
 + Level 1.0 Stealth
 + Level 1.0 Shields
 + Level 6.6 Unarmed Combat
 + Level 1.0 Spellcasting
 + Level 0.8 Conjurations
 + Level 0.8 Hexes
 + Level 0.8 Summonings
 + Level 0.8 Necromancy
 + Level 0.8 Translocations
 + Level 0.8 Transmutations
 + Level 0.8 Fire Magic
 + Level 0.8 Ice Magic
 + Level 0.8 Air Magic
 + Level 0.8 Earth Magic
 + Level 0.8 Poison Magic
 + Level 2.8 Invocations
 + Level 1.0 Evocations


You had 5 spell levels left.
You didn't know any spells.
Your spell library contained the following spells:

 Spells                   Type           Power      Damage    Failure   Level
 Summon Small Mammal      Summ           8%         N/A       45%         1
 Call Canine Familiar     Summ           2%         N/A       83%         3
 Summon Guardian Golem    Hex/Summ       2%         N/A       83%         3


Dungeon Overview and Level Annotations

Branches:
Dungeon (3/15)

Altars:


Innate Abilities, Weirdness & Mutations

You have very sharp teeth.
Your uncanny sense of smell can sniff out nearby items.
Your experience applies equally to all skills.


Message History

The orc wizard is severely wounded.
The orc wizard closely misses you. The orc barely misses you.
The orc closely misses you.
You barely miss the orc wizard.
The orc wizard is severely wounded.
The orc wizard hits you but does no damage.
The orc barely misses you. The orc closely misses you.
You hit the orc wizard but do no damage.
The orc wizard is severely wounded.
The orc wizard hits you with a +0 dagger.
The orc hits you but does no damage. The orc closely misses you.
You hit the orc wizard.
The orc wizard is severely wounded.
The orc wizard gestures wildly while chanting.
The orc wizard flickers and vanishes!
Deactivating autopickup; reactivate with Ctrl-A.
The orc hits you with a +0 club. The orc barely misses you.
You barely miss something. You completely miss something.
Your bite misses something. Something hits you but does no damage.
The orc barely misses you. The orc hits you but does no damage.
You feel yourself speed up. Something hits you.
The orc hits you from afar with a +0 trident!
* * * LOW HITPOINT WARNING * * *
The orc closely misses you.
You hit something.
You hear some strange, mumbled words.
You are confused.
The orc hits you from afar with a +0 trident.
* * * LOW HITPOINT WARNING * * *
The orc hits you but does no damage.
You hear some strange, mumbled words.
A puff of flame appears from out of thin air!
The puff of flame hits you.
* * * LOW HITPOINT WARNING * * *
The orc barely misses you. The orc closely misses you.
Things that are here:
a +0 war axe; an orc corpse You hit something but do no damage.
You bite something. Something hits you.
You die...

#.......##.####.#
###..........##.#
#...####.#.##..
##### #....#.#
##..#...# ##
#...#...##...
#.#####S)..
#...#{oo##.
###.#@# . . #...#
## #####


You could see an adder and 2 orcs.

Vanquished Creatures
  An adder (D:2)
  A worm (D:2)
  An orc (D:3)
  2 ball pythons (D:2)
  4 bats
  3 endoplasms
  4 giant cockroaches
  6 goblins
  2 hobgoblins (D:2)
  A quokka (D:2)
  7 frilled lizards
  5 kobolds
  10 rats
47 creatures vanquished.

Notes
Turn   | Place    | Note
-------+----------+-------------------------------------------
     0 | D:1      | cheesebisquit the Gnoll Wanderer began the quest for the
                  | Orb.
     0 | D:1      | cheesebisquit set off with the following items: a +0 short
                  | sword, 2 scrolls of summoning, a +0 ring mail, a potion of
                  | haste.
     0 | D:1      | Reached XP level 1. HP: 26/26 MP: 2/2
   174 | D:1      | Reached XP level 2. HP: 33/33 MP: 3/3
   527 | D:1      | Reached XP level 3. HP: 38/38 MP: 4/4
   897 | D:2      | Reached skill level 1 in Long Blades
   897 | D:2      | Reached skill level 1 in Axes
   897 | D:2      | Reached skill level 1 in Maces & Flails
   897 | D:2      | Reached skill level 1 in Polearms
   897 | D:2      | Reached skill level 1 in Staves
   897 | D:2      | Reached skill level 1 in Ranged Weapons
   897 | D:2      | Reached skill level 1 in Throwing
   897 | D:2      | Reached skill level 1 in Dodging
   897 | D:2      | Reached skill level 1 in Stealth
   897 | D:2      | Reached skill level 1 in Shields
   897 | D:2      | Reached skill level 1 in Spellcasting
   897 | D:2      | Reached skill level 1 in Evocations
  1048 | D:2      | Found a faded altar of an unknown god.
  1357 | D:2      | Reached XP level 4. HP: 45/45 MP: 6/6
  1628 | D:3      | Slain by an orc wizard

Illustrated notes

Levels and vault maps discovered:
D:1:      dpeg_arrival_ratfight, layout_basic
D:2:      layout_loops_ring, dilly_ecumenical_altar_fadedgnrine
D:3:      layout_loops_cross, corner_web_ring, uniq_natasha, uniq_jessica

Skill      XL: |  1  2  3 |
---------------+----------+-----
Long Blades    | 1 |  1.0
Axes           | 1 |  1.0
Maces & Flails | 1 |  1.0
Polearms       | 1 |  1.0
Staves         | 1 |  1.0
Ranged Weapons | 1 |  1.0
Throwing       | 1 |  1.0
Dodging        | 1 |  1.0
Stealth        | 1 |  1.0
Shields        | 1 |  1.0
Spellcasting   | 1 |  1.0
Evocations     | 1 |  1.0
Fighting       | |  8.5
Short Blades   | |  2.7
Armour         | |  2.7
Unarmed Combat | |  6.6
Conjurations   | |  0.8
Hexes          | |  0.8
Summonings     | |  0.8
Necromancy     | |  0.8
Translocations | |  0.8
Transmutations | |  0.8
Fire Magic     | |  0.8
Ice Magic      | |  0.8
Air Magic      | |  0.8
Earth Magic    | |  0.8
Poison Magic   | |  0.8
Invocations    | |  2.8

Action                     |  1- 3 |  4- 6 || total
---------------------------+-------+-------++-------
  Melee: Short sword       |   137 |    34 ||   171
         Bite              |    10 |     5 ||    15
         Punch             |     5 |     1 ||     6
    Use: Potion            |       |     1 ||     1
 Armour: Ring mail         |    45 |    15 ||    60
  Dodge: Dodged            |    59 |    30 ||    89

Table legend: (Time is in decaauts)
 A = Elapsed time spent in this place.
 B = Non-inter-level travel time spent in this place.
 C = Inter-level travel time spent in this place.
 D = Time resting spent in this place.
 E = Time spent auto-exploring this place.
 F = Levels seen in this place.
 G = Mean time per level.
                   A        B        C        D        E       F      G
               +--------+--------+--------+--------+--------+-----+--------+
         Total |   1605 |   1571 |     34 |      0 |   1290 |   3 |  535.0 |
       Dungeon |   1605 |   1571 |     34 |      0 |   1290 |   3 |  535.0 |
               +--------+--------+--------+--------+--------+-----+--------+

Top non-repeatable levels by time:
     D:2: 815 daAuts
     D:1: 657 daAuts
     D:3: 132 daAuts
